 Dungeon Crawl Stone Soup version 0.28.0-43-g3370ac3207 (webtiles) character file.

Game seed: 5156530780120870254

10817 Jerry the Basher (level 11, -11/109 HPs)
             Began as a Troll Fighter on Mar 9, 2022.
             Was a Priest of the Shining One.
             Mangled by a two-headed ogre
             ... wielding a +0 giant club
              (27 damage)
             ... on level 10 of the Dungeon.
             The game lasted 00:21:06 (7630 turns).

Jerry the Basher (Troll Fighter)                    Turns: 7630, Time: 00:21:06

Health: -11/109    AC:  7    Str: 26    XL:     11   Next: 41%
Magic:  14/14      EV: 11    Int:  8    God:    the Shining One [***...]
Gold:   504        SH: 12    Dex: 15    Spells: 10/10 levels left

rFire   . . .      SeeInvis .   s - +3 morningstar (vorpal)
rCold   . . .      Faith    .   L - +2 kite shield
rNeg    + . .      Spirit   .   F - +0 steam dragon scales
rPois   .          Reflect  .   (helmet restricted)
rElec   .          Harm     .   (no cloak)
rCorr   .          Rampage  .   (gloves unavailable)
Will    .....                   (boots unavailable)
Stlth   +.........              (no amulet)
HPRegen 1.08/turn               i - +6 ring of dexterity
MPRegen 0.14/turn               (no ring)

@: glowing
A: large, unfitting armour, claws 3, regeneration 1, shaggy fur 1, tough skin 1
a: Renounce Religion, Divine Shield, Cleansing Flame


You were on level 10 of the Dungeon.
You worshipped the Shining One.
The Shining One was most pleased with you.
You visited 3 branches of the dungeon, and saw 13 of its levels.

You collected 656 gold pieces.
You spent 152 gold pieces at shops.

Inventory:

Hand Weapons
 a - a +0 flail
 l - the +10 hunting sling of Duty {vorpal, Int+5}
   (You found it on level 2 of the Dungeon)

   Any ammunition fired from it inflicts extra damage upon your enemies.
   Int:       It affects your intelligence (+5).
 s - a +3 vorpal morningstar (weapon)
 u - a +0 giant spiked club
Missiles
 n - 63 sling bullets
Armour
 F - +0 steam dragon scales (worn)
 L - a +2 kite shield (worn)
Jewellery
 b - a +6 ring of strength
 c - a ring of ice
 i - a +6 ring of dexterity (left claw)
 k - a ring of wizardry
 r - a ring of wizardry
 C - a +4 ring of slaying
 I - a ring of willpower
 J - a ring of ice
Wands
 e - a wand of iceblast (5)
 K - a wand of flame (9)
Scrolls
 g - 3 scrolls of teleportation
 h - 3 scrolls of enchant weapon
 j - 6 scrolls of identify {unknown}
 m - a scroll of fear {unknown}
 q - a scroll of blinking {unknown}
 w - a scroll of immolation {unknown}
 x - a scroll of torment {unknown}
 y - a scroll of holy word {unknown}
 B - a scroll of silence {unknown}
 E - a scroll of amnesia {unknown}
Potions
 d - 3 potions of might
 f - a potion of haste {unknown}
 o - 2 potions of mutation {unknown}
 p - 3 potions of curing
 v - a potion of berserk rage
 z - a potion of flight
 A - a potion of lignification
 D - a potion of magic {unknown}
 G - 2 potions of heal wounds {unknown}
 H - a potion of brilliance {unknown}


   Skills:
 + Level 7.5 Fighting
 + Level 8.0 Maces & Flails
 - Level 2.4 Slings
 + Level 6.7 Dodging
 + Level 7.6 Shields
 + Level 6.1 Invocations


You had 10 spell levels left.
You didn't know any spells.
Your spell library contained the following spells:

 Spells                   Type           Power      Damage    Failure   Level
 Animate Skeleton         Necr           0%         N/A       65%         1
 Apportation              Tloc           0%         N/A       65%         1
 Summon Small Mammal      Summ           0%         N/A       65%         1
 Dazzling Flash           Conj/Hex       0%         N/A       95%         3
 Gell's Gravitas          Tloc           0%         N/A       95%         3
 Lesser Beckoning         Tloc           0%         N/A       95%         3
 Teleport Other           Tloc           0%         N/A       95%         3
 Agony                    Necr           0%         N/A       100%        5
 Silence                  Hex/Air        0%         N/A       100%        5


Dungeon Overview and Level Annotations

Branches:
Dungeon (11/15)            Temple (1/1) D:5            Lair (0/6) D:9
    Orc (1/2) D:9

Altars:
Ashenzari
Cheibriados
Dithmenos
Elyvilon
Fedhas
Gozag
Hepliaklqana
Kikubaaqudgha
Makhleb
Nemelex Xobeh
Okawaru
Qazlal
Ru
Sif Muna
Trog
Uskayaw
Vehumet
Wu Jian
Xom
Yredelemnul
Zin
The Shining One

Shops:
D:7 !!


Innate Abilities, Weirdness & Mutations

You are too large for most types of armour.
You have claws for hands.
Your natural rate of healing is unusually fast.
You are covered in fur. (AC +1)
You have tough skin. (AC +1)


Message History

What level of the Dungeon? (default 9, ? - help)
There is a staircase back to the Dungeon here.
You climb upwards.
Welcome back to the Dungeon!
There is a staircase to the Orcish Mines here.
Done exploring.
Done exploring.
Done exploring.
Search for what [Enter for "."]? .
(D) Dungeon (T) Temple (L) Lair (O) Orcish Mines
Where to? (Enter - D:9, ? - help)
What level of the Dungeon? (default 1, ? - help)
There is a stone staircase leading down here.
You climb downwards.
The two-headed ogre shouts in stereo!
The two-headed ogre hits you with a +0 giant club!
You block the two-headed ogre's attack.
There is a stone staircase leading up, spattered with blood here.
You puncture the two-headed ogre!
The two-headed ogre is moderately wounded.
The two-headed ogre barely misses you. x2
You hit the two-headed ogre.
The two-headed ogre is moderately wounded.
The two-headed ogre hits you with a +0 giant club!! x2
You are too injured to fight recklessly!
You are too injured to fight recklessly!
You are too injured to fight recklessly!
You are too injured to fight recklessly!
You sock the two-headed ogre!
The two-headed ogre is heavily wounded.
The two-headed ogre hits you with a +0 giant club! x2
* * * LOW HITPOINT WARNING * * *
You impale the two-headed ogre!!
The two-headed ogre is almost dead.
The two-headed ogre hits you with a +0 giant club!!
* * * LOW HITPOINT WARNING * * *
You block the two-headed ogre's attack.
You hit the two-headed ogre.
The two-headed ogre is almost dead.
The two-headed ogre hits you with a +0 giant club!!
You die...

#########
#........
#........
##........
.........
#........
#@O......
#######.#


You could see a two-headed ogre.

Vanquished Creatures
  3 two-headed ogres
  A cyclops (D:11)
  A shadow (D:10)
  Eustachio (D:9)
  3 wyverns
  16 yaks
  A vampire (D:9)
  2 steam dragons
  A warg (Orc:1)
  2 water moccasins
  Duvessa (D:5)
  A hornet zombie (D:8)
  3 orc warriors
  A sky beast (D:8)
  3 black bears
  2 ice beasts (D:5)
  6 ogres
  3 centaurs
  A phantom (D:6)
  Blork the orc (D:5)
  3 kobold brigands
  3 bullfrogs
  2 wyvern zombies
  3 gnoll sergeants
  2 scorpions
  A wyvern skeleton (D:7)
  Dowan (D:5)
  8 killer bees
  5 wights
  6 howler monkeys
  An electric eel (D:7)
  2 bullfrog zombies (D:6)
  4 centaur zombies
  A bullfrog skeleton (D:4)
  7 orc priests
  A jelly (D:4)
  2 hounds (D:6)
  2 iguanas
  6 orc wizards
  Robin (D:3)
  7 gnolls
  2 howler monkey skeletons
  6 adders
  A shadow imp (D:5)
  2 ufetubi
  A worm (D:4)
  3 dart slugs
  25 orcs
  6 ball pythons
  3 endoplasms
  A giant cockroach (D:2)
  7 hobgoblins
  9 jackals
  A quokka (D:2)
  A ball python zombie (D:3)
  5 bats
  4 frilled lizards
  16 goblins
  16 kobolds
  A rat (D:2)
231 creatures vanquished.

Vanquished Creatures (others)
  27 fungi (D:9)
  35 plants (D:9)
62 creatures vanquished.

Grand Total: 293 creatures vanquished

Notes
Turn   | Place    | Note
-------+----------+-------------------------------------------
     0 | D:1      | Jerry the Troll Fighter began the quest for the Orb.
     0 | D:1      | Reached XP level 1. HP: 22/22 MP: 0/0
   855 | D:2      | Reached skill level 2 in Maces & Flails
   855 | D:2      | Reached XP level 2. HP: 29/29 MP: 1/1
   906 | D:2      | Reached XP level 3. HP: 36/36 MP: 2/2
   998 | D:2      | Identified the +10 hunting sling of Duty {vorpal, Int+5}
  1076 | D:2      | Reached XP level 4. HP: 24/44 MP: 3/3
  1344 | D:3      | Noticed Robin
  1357 | D:3      | Killed Robin
  1422 | D:3      | Reached XP level 5. HP: 53/53 MP: 4/4
  1512 | D:3      | Reached skill level 1 in Slings
  1706 | D:3      | Reached skill level 3 in Maces & Flails
  2190 | D:4      | Reached XP level 6. HP: 61/61 MP: 5/5
  2371 | D:5      | Entered Level 5 of the Dungeon
  2423 | D:5      | Noticed Blork the orc
  2763 | D:5      | Killed Blork the orc
  2799 | D:5      | Noticed an ice beast
  2848 | D:5      | Reached XP level 7. HP: 68/68 MP: 6/6
  2883 | D:5      | Noticed Duvessa
  2890 | D:5      | Noticed Dowan
  2894 | D:5      | Killed Duvessa
  2895 | D:5      | Reached skill level 4 in Maces & Flails
  2900 | D:5      | Killed Dowan
  3002 | D:5      | Found a staircase to the Ecumenical Temple.
  3011 | Temple   | Entered the Ecumenical Temple
  3461 | D:5      | Found a burning altar of Makhleb.
  3465 | D:5      | Found a shimmering altar of Xom.
  3468 | D:5      | Found an iron altar of Okawaru.
  3469 | D:5      | Found a stormy altar of Qazlal.
  3472 | D:5      | Found a radiant altar of Vehumet.
  3472 | D:5      | Found a broken altar of Ashenzari.
  3478 | D:5      | Found a glowing golden altar of the Shining One.
  3481 | D:5      | Found a shimmering blue altar of Sif Muna.
  3489 | D:5      | Became a worshipper of the Shining One
  3918 | D:6      | Found a shadowy altar of Dithmenos.
  3927 | D:6      | Reached XP level 8. HP: 54/79 MP: 7/7
  4383 | D:7      | Reached skill level 5 in Maces & Flails
  4383 | D:7      | Reached skill level 5 in Shields
  4383 | D:7      | Reached skill level 1 in Invocations
  4412 | D:5      | Reached skill level 5 in Fighting
  4628 | D:7      | Reached * piety under the Shining One
  4788 | D:7      | Reached XP level 9. HP: 88/88 MP: 9/9
  4843 | D:7      | Found Dywk's Distillery.
  4844 | D:7      | Found Cuwu's Distillery.
  4896 | D:7      | Bought a potion of curing for 30 gold pieces
  4896 | D:7      | Bought a potion of flight for 30 gold pieces
  4896 | D:7      | Bought a potion of lignification for 30 gold pieces
  4896 | D:7      | Bought a potion of berserk rage for 50 gold pieces
  4954 | D:7      | Bought a potion of degeneration for 12 gold pieces
  5378 | D:7      | Found a sparkling altar of Nemelex Xobeh.
  5379 | D:7      | Found an opulent altar of Gozag.
  5593 | D:8      | Reached skill level 6 in Maces & Flails
  5712 | D:8      | Noticed a two-headed ogre
  5721 | D:8      | Killed a two-headed ogre
  5722 | D:8      | Reached skill level 5 in Dodging
  5789 | D:8      | Reached XP level 10. HP: 90/98 MP: 12/12
  5969 | D:8      | Reached ** piety under the Shining One
  6332 | D:9      | Noticed Eustachio
  6333 | D:9      | You fall into a shaft and drop 2 floors!
  6356 | D:11     | Noticed a two-headed ogre
  6365 | D:11     | Killed a two-headed ogre
  6366 | D:11     | Reached skill level 7 in Maces & Flails
  6418 | D:11     | Noticed a cyclops
  6422 | D:11     | Killed a cyclops
  6423 | D:11     | Reached skill level 5 in Invocations
  6501 | D:11     | Noticed a two-headed ogre
  6506 | D:11     | Killed a two-headed ogre
  6540 | D:10     | Entered Level 10 of the Dungeon
  6575 | D:10     | Reached *** piety under the Shining One
  6580 | D:10     | Reached XP level 11. HP: 88/109 MP: 14/14
  6883 | D:9      | Found a staircase to the Lair.
  6945 | D:9      | Killed Eustachio
  7302 | D:9      | Found a staircase to the Orcish Mines.
  7311 | Orc:1    | Entered Level 1 of the Orcish Mines
  7387 | Orc:1    | Reached skill level 8 in Maces & Flails
  7625 | D:10     | Noticed a two-headed ogre
  7630 | D:10     | Mangled by a two-headed ogre

Illustrated notes

Levels and vault maps discovered:
D:1:      dpeg_arrival_connections, layout_basic
D:2:      layout_rooms
D:3:      layout_basic, kennysheep_generic_room_5, uniq_robin
D:4:      layout_rooms
D:5:      layout_cave_pods, nicolae_overflow_hallway_of_the_gods,
          minmay_temple_entry_stoned_glass, uniq_duvessa, uniq_blork_the_orc
D:6:      layout_gridville, grunt_dithmenos_shadows
D:7:      layout_loops_ring, grunt_temple_overflow_opulence,
          nicolae_wooded_promenade, eino_jars
D:8:      layout_loops_ring
D:9:      layout_cave_pools, due_lair_maze_entry_diamond, orc_0_dummy,
          sword_in_stone
D:10:     layout_roguey
D:11:     minmay_razor_zed, layout_loops_cross, serial_shops, shop
Temple:   minmay_temple_curvy_loop
Orc:1:    layout_diamond_mine, hellmonk_bongcloud_opening

Skill      XL: |  1  2  3  4  5  6  7  8  9 10 11 |
---------------+----------------------------------+-----
Maces & Flails | 2 3 4 5 6 7 8 |  8.0
Fighting       | 3 4 5 6 7 |  7.5
Shields        | 3 4 5 6 7 |  7.6
Slings         | 1 2 |  2.4
Dodging        | 3 4 5 6 |  6.7
Invocations    | 2 4 5 6 |  6.1

Action                   |  1- 3 |  4- 6 |  7- 9 | 10-12 || total
-------------------------+-------+-------+-------+-------++-------
Melee: Flail             |    66 |       |       |       ||    66
       Morningstar       |       |       |   183 |   221 ||   404
 Fire: Hunting sling     |    13 |   108 |    23 |       ||   144
  Use: Scroll            |       |       |     4 |       ||     4
       Potion            |       |       |     1 |       ||     1
Armor: Robe              |    34 |     4 |    64 |       ||   102
       Steam dragon scal |       |       |       |    78 ||    78
Dodge: Dodged            |    29 |     5 |   107 |   135 ||   276
Block: Kite shield       |    20 |     8 |   136 |   126 ||   290
